 Dungeon Sprint DCSS version 0.05.21-48-g4b524a92c8 (webtiles) character file.

Game seed: 12538790279571848203, levelgen mode: deterministic

1600000 Leeroy the Spry (level 12, -5/124 HPs) Minotaur Berserker. Began on Aug 1, 2021. Was a Follower of Makhleb. Slain by a meat berserker ... wielding a +9 battleaxe (56 damage) ... in the Dungeon (Sprint VIII: "Arena of Blood"). The game lasted 00:02:05 (16 turns).

Leeroy the Spry (Minotaur Berserker)                  Turns: 16, Time: 00:02:06

Health: -5/124     AC:  2    Str: 22    XL:     12 ^: 9083
Magic:  11/11      EV: 26    Int:  4    God:    Makhleb [1* [47]]
Gold:   0          SH:  0    Dex: 15    Spells: 11/11 levels left

rFire    . . .     Vision   .   j - +∞ Axe of Woe
rCold    . . .     Gourm    .   (also wielding the above weapon)
rNeg     . . .     Faith    .   b - +0 animal skin
rCorr    . . .     Spirit   .   (helmet restricted)
rPois    .         Reflect  .   (no cloak)
rElec    .         Harm     .   (no gloves)
MR       .....     NoTele   +   (no boots)
Stlth    +.........             (no amulet)
HPRegen  0.51/turn              (no ring)
MPRegen  0.21/turn              (no ring)

@: no status effects
A: horns, retaliatory headbutt 2
a: Renounce Religion


You were in the Dungeon.
You worshipped Makhleb.
Makhleb was aware of your devotion.
You were not hungry.

You visited 1 branch

Inventory:

Weapons
 a - a +0 falchion
 j - the +∞ Axe of Woe (weapon)
   (You found it in the Dungeon)
Armour
 b - a +0 animal skin (worn)
Scrolls
 i - a scroll of blinking
Potions
 d - a potion of curing
 e - a potion of heal wounds
 f - a potion of haste
 g - 2 potions of magic
 h - a potion of berserk rage
Comestibles
 c - 3 rations


   Skills:
 - Level 16.6 Fighting
 - Level 16.6 Long Blades
 + Level 17.5 Axes & Hammers
 - Level 9.8 Armour
 + Level 19.4 Dodging


You had 11 spell levels left.
You didn't know any spells.
Your spell library was empty.

Dungeon Overview and Level Annotations

Branches:
Dungeon (1/1)

Altars:
Makhleb


Innate Abilities, Weirdness & Mutations

You reflexively attack those that strike you in melee with your horns.
You frequently lose your temper in combat.
This godly rage surpasses even clarity. (*Rage)


Message History

The meat berserker rages.
You hear a shout! x5
The meat berserker hits you with a +9 battleaxe (90)!!!!
Ouch! That really hurt!
* * * LOW HITPOINT WARNING * * *
You hear a shout! x6
Unknown command.
Press < or > to pray at altars.
Unknown command.
Press < or > to pray at altars.
You slash the meat berserker (15)!
You fatally mangle the meat berserker.
You kill the meat berserker!
Makhleb accepts your kill.
You feel better.
Your Axes & Hammers skill gained 2 levels and is now at level 17!
Your Dodging skill increases to level 19!
You hear a shout! x9
The meat berserker hits you with a +9 battleaxe (60)!!!
The meat berserker hits you with a +9 battleaxe (56)!!!
You die...

#... .# . #...
..# ..###...
..###.
......###......
....._...... .
#.....# ...
#_.<._# .
.....#.O.).#....
#....o))O@.O.....
.......o###......
...###... ..###.
.. #... ..# #O...
.# ..... .o
....... .o..


You could see 3 meat berserkers and 2 bags of meat.

Vanquished Creatures
  5 ogres (D)
5 creatures vanquished.

Notes
Turn   | Place    | Note
-------+----------+-------------------------------------------
     0 | D        | Found the +∞ Axe of Woe
     0 | D        | Leeroy the Minotaur Berserker began the quest for the Orb.
     0 | D        | Reached XP level 1. HP: 19/19 MP: 0/0
     1 | D        | Noticed a meat berserker
     2 | D        | Killed a meat berserker
     2 | D        | Reached skill level 9 in Dodging
     2 | D        | Reached XP level 2. HP: 50/50 MP: 1/1
     2 | D        | Reached XP level 3. HP: 57/57 MP: 2/2
     2 | D        | Reached XP level 4. HP: 64/64 MP: 3/3
     2 | D        | Reached XP level 5. HP: 71/71 MP: 4/4
     2 | D        | Reached XP level 6. HP: 80/80 MP: 5/5
     2 | D        | Reached XP level 7. HP: 86/86 MP: 6/6
     2 | D        | Reached XP level 8. HP: 94/94 MP: 7/7
     2 | D        | Reached XP level 9. HP: 101/101 MP: 8/8
     2 | D        | Reached XP level 10. HP: 108/108 MP: 9/9
     2 | D        | Noticed a bag of meat
     2 | D        | Noticed a bag of meat
     5 | D        | Fell from the grace of Trog
     5 | D        | Became a worshipper of Makhleb the Destroyer
     5 | D        | Noticed a meat berserker
     6 | D        | Noticed a meat berserker
     8 | D        | Killed a meat berserker
     8 | D        | Reached skill level 10 in Axes & Hammers
     8 | D        | Reached skill level 14 in Dodging
     8 | D        | Reached XP level 11. HP: 63/116 MP: 10/10
     8 | D        | Noticed a bag of meat
     9 | D        | Killed a meat berserker
     9 | D        | Reached * piety under Makhleb
     9 | D        | Reached skill level 16 in Dodging
    10 | D        | Noticed a meat berserker
    10 | D        | Noticed a meat berserker
    11 | D        | Noticed a meat berserker
    11 | D        | Noticed a meat berserker
    11 | D        | Noticed a bag of meat
    13 | D        | Noticed a meat berserker
    13 | D        | Noticed a bag of meat
    15 | D        | Killed a meat berserker
    15 | D        | Reached skill level 15 in Axes & Hammers
    15 | D        | Reached skill level 18 in Dodging
    15 | D        | Reached XP level 12. HP: 124/124 MP: 11/11
    16 | D        | Killed a meat berserker
    16 | D        | Reached skill level 19 in Dodging
    16 | D        | Slain by a meat berserker

Levels and vault maps discovered:
D:        meatsprint

Skill      XL: |  1  2  3  4  5  6  7  8  9 10 11 12 |
---------------+-------------------------------------+-----
Fighting       | 16 | 16.6
Long Blades    | 16 | 16.6
Axes & Hammers | 3 10 15 17 | 17.5
Armour         | 9 |  9.8
Dodging        | 9 14 18 19 | 19.4

Action                   |  1- 3 |  4- 6 |  7- 9 | 10-12 || total
-------------------------+-------+-------+-------+-------++-------
Melee: Executioner's axe |     1 |       |       |     4 ||     5
